 Dungeon Crawl Stone Soup version 0.26-a0-466-g989023bd0d (webtiles) character file.

Game seed: 8043439674976319356

25664 wyinc the Severer (level 12, -4/112 HPs)
             Began as a Minotaur Berserker on Aug 12, 2020.
             Was a High Priest of Trog.
             Shot with an arrow by a deep elf archer (14 damage)
             ... on level 1 of the Elven Halls.
             The game lasted 00:41:11 (13032 turns).

wyinc the Severer (Minotaur Berserker)             Turns: 13032, Time: 00:41:11

Health: -4/112     AC: 23    Str: 32    XL:     12   Next: 91%
Magic:  0/11       EV: 11    Int:  4    God:    Trog [*****.]
Gold:   378        SH:  0    Dex: 11    Spells: 11/11 levels left

rFire    . . .     SeeInvis .   P - +8 broad axe of the Fulmar {flame, rElec}
rCold    . . .     Faith    .   (no shield)
rNeg     . . .     Spirit   +   T - +2 plate armour
rPois    .         Reflect  .   l - +2 hat
rElec    +         Harm     .   q - +0 cloak
rCorr    .                      D - +0 pair of gloves
MR       +....                  U - +0 pair of boots {Fly}
Stlth    ..........             y - amulet of guardian spirit
HPRegen  0.28/turn              t - +6 ring of strength
MPRegen  0.12/turn              G - ring of protection from magic

@: berserk cooldown, flying, slowed, very slow
A: retaliatory headbutt, horns 2
a: Berserk, Trog's Hand, Brothers in Arms, Renounce Religion, Stop Flying


You were on level 1 of the Elven Halls.
You worshipped Trog.
Trog was extremely pleased with you.
You visited 3 branches of the dungeon, and saw 14 of its levels.

You collected 1369 gold pieces.
You spent 991 gold pieces at shops.

Inventory:

Hand Weapons
 a - a +0 flail
 b - a +3 scimitar of flaming
 c - a +1 vorpal halberd
 m - a +4 quarterstaff of chaos
 w - a +6 vorpal broad axe
 N - a +2 antimagic executioner's axe
 P - the +8 broad axe of the Fulmar (weapon) {flame, rElec}
   (You found it on level 10 of the Dungeon)

   It has been specially enchanted to burn those struck by it, causing extra
   injury to most foes and up to half again as much damage against particularly
   susceptible opponents.
   Big, fiery blades are also staple armaments of hydra-hunters.
   It insulates you from electricity.
Armour
 l - a +2 hat (worn)
 q - a +0 cloak (worn)
 v - the +7 scale mail "Xuisoekk" {rF- Int+4 Dex+4}
   (You found it on level 5 of the Dungeon)

   It affects your intelligence (+4).
   It affects your dexterity (+4).
   It makes you vulnerable to fire.
 D - a +0 pair of gloves (worn)
 H - +0 shadow dragon scales
 I - a +2 chain mail of fire resistance
 O - a +0 robe of fire resistance
 T - a +2 plate armour (worn)
 U - a +0 pair of boots of flying (worn)
Jewellery
 i - an uncursed amulet of the acrobat
 r - a cursed ring of teleportation
 t - a +6 ring of strength (left hand)
 y - an amulet of guardian spirit (around neck)
 G - a ring of protection from magic (right hand)
 M - an uncursed amulet of the acrobat
Wands
 e - a wand of iceblast (11)
 h - a wand of polymorph (6)
 p - a wand of paralysis (10)
 s - a wand of enslavement (9)
 C - a wand of flame (18)
Scrolls
 d - a scroll of fear
 f - 4 scrolls of remove curse
 g - 3 scrolls of fog
 o - 9 scrolls of identify
 x - 4 scrolls of teleportation
Potions
 j - 4 potions of flight
 k - 4 potions of degeneration
 n - 2 potions of haste
 z - 2 potions of ambrosia
 F - a potion of resistance
Miscellaneous
 L - a lightning rod (4/4)


   Skills:
 + Level 12.0 Fighting
 + Level 17.5(17.8) Axes
 + Level 5.7(13.0) Polearms
 + Level 11.6 Armour
 + Level 5.9 Dodging
 + Level 2.0 Stealth
 + Level 0.9 Unarmed Combat


You had 11 spell levels left.
You didn't know any spells.
Your spell library contained the following spells:

 Spells                   Type           Power        Failure   Level
 Animate Skeleton         Necr           #.....       98%         1
 Apportation              Tloc           #.....       98%         1
 Corona                   Hex            #......      98%         1
 Magic Dart               Conj           #...         98%         1
 Summon Small Mammal      Summ           #...         98%         1
 Blink                    Tloc           N/A          99%         2
 Call Imp                 Summ           #.......     99%         2
 Searing Ray              Conj           #.....       99%         2
 Slow                     Hex            #.......     99%         2
 Confusing Touch          Hex            #.......     100%        3
 Conjure Flame            Conj/Fire      #.......     100%        3
 Dazzling Flash           Conj/Hex       #.....       100%        3
 Gell's Gravitas          Tloc           #.........   100%        3
 Mephitic Cloud           Conj/Pois/Air  #.......     100%        3
 Cause Fear               Hex            #.........   100%        4
 Fulminant Prism          Conj/Hex       #.........   100%        4
 Iskenderun's Mystic Bla  Conj/Tloc      #.......     100%        4
 Petrify                  Tmut/Erth      #.......     100%        4
 Metabolic Englaciation   Hex/Ice        #.........   100%        5
 Silence                  Hex/Air        #.........   100%        5
 Yara's Violent Unravell  Hex/Tmut       #.........   100%        5
 Discord                  Hex            #.........   100%        8


Dungeon Overview and Level Annotations

Branches:
Dungeon (11/15)            Temple (0/1) D:6             Orc (2/2) D:11
    Elf (1/3) Orc:2
   Lair: D:8-11

Altars:
Fedhas
Trog
Xom
Beogh

Shops:
D:5 (   D:7 !   D:10 *   D:11 [   Orc:2 *(?(

Portals:
Bazaar: Elf:1


Innate Abilities, Weirdness & Mutations

You reflexively headbutt those who attack you in melee.
You have a pair of horns on your head.


Message History

The deep elf archer shoots an arrow.
The arrow barely misses you.
You see here an arrow.
The earth elemental disappears in a puff of smoke!
Found a flickering gateway to a bazaar.
You see here 25 stones. 2 goblins come into view.
A goblin is wielding a +1 dagger of venom.
The goblin shouts!
The goblin unwields a +1 dagger of venom.
It stops dripping with poison.
The goblin wields a +0 hunting sling.
The goblin shoots a stone.
The stone misses you.
The deep elf mage points at you and mumbles some strange words.
The stone arrow misses you.
The deep elf archer shoots an arrow.
The arrow hits you.
* * * LOW HITPOINT WARNING * * *
Things that are here:
an arrow; a stone The goblin shoots a stone.
The stone hits you but does no damage.
The deep elf archer shoots an arrow.
The arrow hits you!
You die...

#...# #...# #...#
+.......
#...###)..###...#
+.......
##.....))......##
#....... ##...).......##
#.......
##.........##++##.......
####...####............
##'## +..........## ..+
#.##+##...........#
.....#.@.e.#......)....#
.......(((...§§..))...e'
g∩............e........#
.....##.....#++#########
..g.. #.....+ ..##
#...[.# . ##+####


You could see a deep elf archer (repels missiles), a deep elf mage and 2
goblins.

Vanquished Creatures
  Azrael (Orc:2)
  The ghost of p0werm0de the Cleaver, a journeyman DDFi of Uskayaw (D:10)
  Harold (D:7)
  3 two-headed ogres
  A dancing weapon (Elf:1)
  2 orc high priests (Orc:2)
  2 deep elf knights (Elf:1)
  An unseen horror (D:11)
  An orc knight (Orc:2)
  6 deep elf magi (Elf:1)
  2 orc sorcerers (Orc:2)
  Maurice (D:8)
  A centaur skeleton (D:10)
  2 trolls
  5 hippogriffs
  A wyvern (D:8)
  A wraith (D:10)
  2 fire elementals (Orc:2)
  5 yaks (D:10)
  Grum (D:11)
  2 wargs (Orc:2)
  Menkaure (D:6)
  Edmund (D:6)
  4 hell hounds (Orc:2)
  Duvessa (D:7)
  An ice beast (D:9)
  6 sky beasts
  20 orc warriors
  A black bear (D:10)
  5 phantoms
  2 necrophages
  3 wolves (D:11)
  9 ogres
  2 eyes of draining
  7 centaurs
  3 big kobolds
  8 bullfrogs
  Dowan (D:7)
  A wyvern skeleton (D:8)
  A water moccasin zombie (D:8)
  2 scorpions
  3 killer bees (D:9)
  5 jellies
  5 wights
  5 electric eels (D:8)
  A howler monkey (D:9)
  A lava snake (D:7)
  A centaur zombie (D:11)
  A quasit (D:8)
  4 hounds
  Crazy Yiuf (D:7)
  20 orc priests
  2 bullfrog skeletons
  Jessica (D:2)
  14 orc wizards
  8 iguanas
  Natasha (thrice) (D:2)
  6 worker ants
  2 hound zombies
  A worker ant zombie (D:5)
  6 adders
  5 shadow imps
  A white imp (D:10)
  An ooze (D:2)
  2 adder skeletons
  3 worms
  2 dart slugs
  3 leopard geckos
  47 orcs
  A ball python (D:2)
  8 bats
  4 giant cockroaches
  11 goblins
  3 hobgoblins (D:1)
  8 jackals
  5 quokkas
  3 frilled lizards
  A jackal zombie (D:6)
  19 kobolds
  A leopard gecko skeleton (D:4)
  5 rats
344 creatures vanquished.

Vanquished Creatures (collateral kills)
  A dancing weapon (Elf:1)
  2 orc high priests (Orc:2)
  2 deep elf magi (Elf:1)
  3 orc warriors (Orc:2)
  An ogre (Orc:2)
  11 orc priests (Orc:2)
  4 orc wizards (Orc:2)
  4 orcs
28 creatures vanquished.

Vanquished Creatures (others)
  An orc wizard (Orc:2)
  An adder (D:8)
  An orc (D:8)
3 creatures vanquished.

Grand Total: 375 creatures vanquished

Notes
Turn   | Place    | Note
-------+----------+-------------------------------------------
     0 | D:1      | wyinc the Minotaur Berserker began the quest for the Orb.
     0 | D:1      | Reached XP level 1. HP: 19/19 MP: 0/0
    56 | D:1      | Reached XP level 2. HP: 26/27 MP: 1/1
   472 | D:1      | Reached ** piety under Trog
   860 | D:2      | Reached XP level 3. HP: 33/33 MP: 2/2
  1028 | D:2      | Noticed Natasha
  1048 | D:2      | Killed Natasha
  1056 | D:2      | Noticed Natasha
  1066 | D:2      | Killed Natasha
  1066 | D:2      | Reached XP level 4. HP: 41/41 MP: 3/3
  1225 | D:2      | Noticed Natasha
  1238 | D:2      | Killed Natasha
  1238 | D:2      | Reached skill level 5 in Polearms
  1345 | D:2      | Noticed Jessica
  1349 | D:2      | Killed Jessica
  1349 | D:2      | Reached XP level 5. HP: 47/47 MP: 4/4
  1593 | D:3      | Found a bloodstained altar of Trog.
  1664 | D:3      | Found a bloodstained altar of Trog.
  2257 | D:4      | Found a blossoming altar of Fedhas.
  2356 | D:4      | Noticed a phantom
  2412 | D:4      | Killed a phantom
  2412 | D:4      | Reached skill level 1 in Axes
  2412 | D:4      | Reached XP level 6. HP: 51/55 MP: 5/5
  2757 | D:5      | Entered Level 5 of the Dungeon
  2813 | D:5      | Noticed a sky beast
  2834 | D:5      | Killed a sky beast
  2834 | D:5      | Reached *** piety under Trog
  2834 | D:5      | Reached skill level 5 in Fighting
  2834 | D:5      | Reached skill level 2 in Axes
  3051 | D:5      | Got a smouldering scale mail
  3062 | D:5      | Identified the +7 scale mail "Xuisoekk" {rF- Int+4 Dex+4}
                  | (You found it on level 5 of the Dungeon)
  3095 | D:5      | Reached skill level 3 in Axes
  3095 | D:5      | Reached XP level 7. HP: 56/61 MP: 6/6
  3363 | D:5      | Found Mamafalu's Weapon Shop.
  3765 | D:6      | Found a shimmering altar of Xom.
  3897 | D:6      | Reached skill level 4 in Axes
  3897 | D:6      | Reached skill level 5 in Armour
  4018 | D:6      | Found a shimmering altar of Xom.
  4051 | D:6      | Found a staircase to the Ecumenical Temple.
  4084 | D:6      | Reached skill level 5 in Axes
  4233 | D:6      | Noticed Edmund
  4239 | D:6      | Killed Edmund
  4336 | D:6      | Noticed Menkaure
  4342 | D:6      | Killed Menkaure
  4342 | D:6      | Reached skill level 6 in Axes
  4342 | D:6      | Reached XP level 8. HP: 59/70 MP: 7/7
  4347 | D:6      | Identified a scroll of acquirement
  4348 | D:6      | Acquired a +3 vorpal broad axe
  4625 | D:7      | Noticed Harold
  4631 | D:7      | Noticed Duvessa
  4633 | D:7      | Reached skill level 7 in Axes
  4635 | D:7      | Noticed Dowan
  4636 | D:7      | Found Akuihuu's Distillery.
  4643 | D:7      | Killed Harold
  4643 | D:7      | Reached skill level 8 in Axes
  4643 | D:7      | Reached XP level 9. HP: 78/78 MP: 8/8
  4646 | D:7      | Killed Duvessa
  4646 | D:7      | Reached skill level 9 in Axes
  4649 | D:7      | Killed Dowan
  5042 | D:7      | Found a runed translucent door.
  5043 | D:7      | Noticed Crazy Yiuf
  5394 | D:7      | Killed Crazy Yiuf
  5394 | D:7      | Reached skill level 10 in Axes
  5455 | D:8      | Reached **** piety under Trog
  5571 | D:8      | Noticed a two-headed ogre
  5575 | D:8      | Killed a two-headed ogre
  5575 | D:8      | Reached skill level 11 in Axes
  5784 | D:8      | Reached XP level 10. HP: 88/88 MP: 9/9
  6049 | D:8      | Noticed Maurice
  6059 | D:8      | Killed Maurice
  6059 | D:8      | Reached skill level 12 in Axes
  6343 | D:8      | Reached skill level 1 in Stealth
  7119 | D:9      | Reached ***** piety under Trog
  7397 | D:9      | Reached skill level 13 in Axes
  7397 | D:9      | Reached skill level 5 in Dodging
  7672 | D:10     | Entered Level 10 of the Dungeon
  7966 | D:10     | Reached XP level 11. HP: 97/97 MP: 10/10
  8003 | D:10     | Reached skill level 14 in Axes
  8028 | D:10     | Noticed a two-headed ogre
  8032 | D:10     | Killed a two-headed ogre
  8145 | D:10     | Found Loun's Luxury Loot.
  8151 | D:10     | Bought a lightning rod (4/4) for 560 gold pieces
  8635 | D:10     | Found a runed translucent gate.
  8667 | D:10     | Found a runed translucent gate.
  8668 | D:10     | Found a runed translucent gate.
  8668 | D:10     | Noticed p0werm0de's ghost (journeyman DDFi)
  8672 | D:10     | Found a roughly hewn altar of Beogh.
  8694 | D:10     | Killed p0werm0de's ghost
  8720 | D:10     | Got a smoking broad axe
  8764 | D:10     | Identified the +8 broad axe of the Fulmar {flame, rElec}
                  | (You found it on level 10 of the Dungeon)
  9149 | D:11     | Noticed Grum
  9153 | D:11     | Received a gift from Trog
  9161 | D:11     | Killed Grum
  9166 | D:11     | Reached skill level 15 in Axes
  9171 | D:11     | Reached skill level 10 in Fighting
  9267 | D:11     | Killed an unseen horror
  9316 | D:11     | Found a staircase to the Orcish Mines.
  9322 | D:11     | Found Vasasch's Armour Shoppe.
  9379 | D:11     | Bought a +0 pair of boots of flying for 161 gold pieces
  9405 | Orc:1    | Entered Level 1 of the Orcish Mines
  9581 | Orc:1    | Noticed a two-headed ogre
  9588 | Orc:1    | Killed a two-headed ogre
  9588 | Orc:1    | Reached skill level 10 in Armour
  9872 | Orc:2    | Entered Level 2 of the Orcish Mines
  9882 | Orc:2    | Noticed an orc knight
  9897 | Orc:2    | Killed an orc knight
 10215 | Orc:2    | Reached XP level 12. HP: 94/108 MP: 2/11
 10289 | Orc:2    | Noticed Azrael
 10320 | Orc:1    | Reached skill level 16 in Axes
 10547 | Orc:2    | Killed Azrael
 10931 | Orc:2    | Found a roughly hewn altar of Beogh.
 10973 | Orc:2    | Received a gift from Trog
 11089 | Orc:2    | Noticed an orc high priest
 11103 | Orc:2    | Killed an orc high priest
 11390 | Orc:2    | Noticed an orc high priest
 11401 | Orc:2    | Killed an orc high priest
 11522 | Orc:2    | Found Cuelone's General Store.
 11522 | Orc:2    | Found Goir's Magic Scroll Emporium.
 11529 | Orc:2    | Found Aguob's Antique Weapon Shoppe.
 11529 | Orc:2    | Found Wero's Weapon Emporium.
 11546 | Orc:2    | Noticed an orc high priest
 11547 | Orc:2    | Noticed an orc high priest
 11559 | Orc:2    | Killed an orc high priest
 11562 | Orc:2    | Killed an orc high priest
 12350 | Orc:2    | Bought 2 scrolls of identify for 60 gold pieces
 12350 | Orc:2    | Bought 3 scrolls of identify for 90 gold pieces
 12350 | Orc:2    | Bought a scroll of identify for 30 gold pieces
 12350 | Orc:2    | Bought a scroll of identify for 30 gold pieces
 12350 | Orc:2    | Bought a scroll of identify for 30 gold pieces
 12350 | Orc:2    | Bought a scroll of identify for 30 gold pieces
 12400 | Orc:2    | Found a staircase to the Elven Halls.
 12828 | Elf:1    | Entered Level 1 of the Elven Halls
 12844 | Elf:1    | Reached skill level 17 in Axes
 13030 | Elf:1    | Found a flickering gateway to a bazaar.
 13032 | Elf:1    | Shot with an arrow by a deep elf archer

Illustrated notes

Levels and vault maps discovered:
D:1:      dpeg_arrival_arbitrary_b, layout_basic
D:2:      layout_rooms, uniq_natasha, uniq_jessica
D:3:      layout_rooms, bloody_trog, serial_forest,
          infiniplex_forest_clump_curved, infiniplex_forest_straight_4,
          infiniplex_forest_lined_corner, infiniplex_forest_end_3,
          infiniplex_forest_lined_room_, infiniplex_forest_clump_small,
          infiniplex_forest_clump_double, infiniplex_forest_corner_2,
          infiniplex_forest_clump_double, infiniplex_forest_corner_1,
          minmay_misc_feat_roman, trog_butcher_becter
D:4:      layout_rooms, fedhas_ov_isle_minmay
D:5:      layout_loops_cross, serial_shops, nicolae_shop_behind_doors
D:6:      layout_basic, minmay_temple_entry_statues, xom_redecorated,
          uniq_edmund, uniq_menkaure
D:7:      layout_rooms, serial_shops, nicolae_shop_crystal,
          kennysheep_decorative_pillar, bh_walls_and_bars, uniq_harold,
          uniq_crazy_yiuf_cottage, uniq_duvessa
D:8:      layout_loops_ring, kennysheep_boxes, uniq_maurice
D:9:      layout_irregular_city
D:10:     minmay_ornate_pinched, layout_basic, biasface_ghost_orc_armoury,
          nicolae_alphabet_shops
D:11:     layout_rooms, lair_entry_dummy, orc_david_3, uniq_grum
Orc:1:    layout_diamond_mine
Orc:2:    st_orc_mages, layout_caves, basic_altar, enter_volcano_3, uniq_azrael
Elf:1:    minmay_elf_arrival_circle, layout_gridlike, serial_shops,
          bzr_entry_customers, hangedman_elven_crosses_minicolossus, drop_trap,
          uniq_asterion

Skill      XL: |  1  2  3  4  5  6  7  8  9 10 11 12 |
---------------+-------------------------------------+-----
Polearms       | 4 5 |  5.7
Fighting       | 4 5 6 8 9 10 12 | 12.0
Armour         | 3 4 5 7 8 9 10 11 | 11.6
Dodging        | 3 4 5 |  5.9
Axes           | 1 3 6 8 11 13 15 17 | 17.5
Stealth        | 1 2 |  2.0
Unarmed Combat | |  0.9

Action                   |  1- 3 |  4- 6 |  7- 9 | 10-12 || total
-------------------------+-------+-------+-------+-------++-------
Melee: Spear             |    61 |    60 |       |       ||   121
       Headbutt          |     9 |    15 |    29 |    72 ||   125
       Unarmed           |       |     6 |       |       ||     6
       Broad axe         |       |    56 |   116 |   276 ||   448
       Punch             |       |     1 |       |     4 ||     5
       Executioner's axe |       |       |       |    88 ||    88
Invok: Berserk           |       |       |     2 |     6 ||     8
       Brothers in Arms  |       |       |       |     8 ||     8
       Trog's Hand       |       |       |       |     1 ||     1
  Use: Potion            |     3 |       |       |    11 ||    14
       Scroll            |       |    15 |     4 |    13 ||    32
Armor: Animal skin       |     5 |       |       |       ||     5
       Ring mail         |    22 |    12 |       |       ||    34
       Skin              |       |     1 |       |       ||     1
       Scale mail        |       |    32 |    51 |    79 ||   162
       Plate armour      |       |       |       |   189 ||   189
Dodge: Dodged            |    67 |    93 |   115 |   284 ||   559

Table legend: (Time is in decaauts)
 A = Elapsed time spent in this place.
 B = Non-inter-level travel time spent in this place.
 C = Inter-level travel time spent in this place.
 D = Time resting spent in this place.
 E = Time spent auto-exploring this place.
 F = Levels seen in this place.
 G = Mean time per level.
                   A        B        C        D        E       F      G
               +--------+--------+--------+--------+--------+-----+--------+
         Total |  13102 |  12915 |    187 |   2002 |   6815 |  14 |  935.9 |
       Dungeon |   9444 |   9312 |    132 |    482 |   5709 |  11 |  858.5 |
  Orcish Mines |   3460 |   3405 |     55 |   1519 |   1057 |   2 | 1730.0 |
   Elven Halls |    198 |    198 |      0 |      0 |     49 |   1 |  198.0 |
               +--------+--------+--------+--------+--------+-----+--------+

Top non-repeatable levels by time:
   Orc:2: 2763 daAuts
    D:10: 1476 daAuts
     D:8: 1381 daAuts
     D:6: 993 daAuts
     D:5: 868 daAuts
     D:9: 860 daAuts
     D:7: 847 daAuts
     D:1: 838 daAuts
     D:3: 734 daAuts
   Orc:1: 697 daAuts
     D:2: 599 daAuts
     D:4: 593 daAuts
    D:11: 250 daAuts
   Elf:1: 198 daAuts
